 Dungeon Crawl Stone Soup version 0.29.1-13-g9f3cf754e1 (webtiles) character file.

Game seed: 2566526889321278309

150 Hrothgar the Shield-Bearer (level 5, 0/53 HPs)
             Began as a Troll Fighter on Jan 24, 2023.
             Was a Priest of Fedhas.
             Slain by a bullfrog (4 damage)
             ... in a sewer.
             The game lasted 00:09:23 (2181 turns).

Hrothgar the Shield-Bearer (Troll Fighter)          Turns: 2181, Time: 00:09:24

Health: 0/53       AC:  4    Str: 24    XL:     5   Next: 10%
Magic:  4/4        EV: 10    Int:  6    God:    Fedhas [***...]
Gold:   62         SH:  0    Dex:  9    Spells: 4/4 levels left

rFire   + . .      SeeInvis .     - Unarmed
rCold   + . .      Faith    .   (no shield)
rNeg    . . .      Spirit   .   a - +0 robe
rPois   +          Reflect  .   (helmet restricted)
rElec   +          Harm     .   (no cloak)
rCorr   +          Rampage  .   (gloves unavailable)
Will    .....                   (boots unavailable)
Stlth   +.........              (no amulet)
HPRegen 0.97/turn               j - ring of wizardry
MPRegen 0.09/turn               (no ring)

@: resistant
A: large, unfitting armour, claws 3, regeneration 1, shaggy fur 1, tough skin 1
a: Renounce Religion, Wall of Briars, Grow Ballistomycete


You were in a sewer.
You worshipped Fedhas.
Fedhas was most pleased with you.
You visited 1 branch of the dungeon, and saw 3 of its levels.
You also visited: Sewer.

You collected 62 gold pieces.

Inventory:

Armour
 a - a +0 robe (worn)
 b - a +0 kite shield
Jewellery
 i - a ring of resist corrosion
 j - a ring of wizardry (left claw)
Scrolls
 g - 3 scrolls of teleportation
 h - a scroll of poison
 o - a scroll of fog {unknown}
Potions
 c - 2 potions of might
 d - 2 potions of mutation {unknown}
 e - a potion of flight
 f - 4 potions of degeneration
 l - a potion of attraction {unknown}
 m - a potion of invisibility {unknown}


   Skills:
 * Level 3.0 Fighting
 * Level 0.9 Armour
 * Level 3.0 Dodging
 * Level 0.4 Stealth
 * Level 3.1 Shields
 * Level 3.1 Unarmed Combat
 * Level 0.3 Spellcasting


You had 4 spell levels left.
You didn't know any spells.
Your spell library contained the following spells:

 Spells                   Type           Power      Damage    Failure   Level
 Gell's Gravitas          Tloc           0%         N/A       47%         3
 Lesser Beckoning         Tloc           0%         N/A       47%         3
 Teleport Other           Tloc           0%         N/A       47%         3


Dungeon Overview and Level Annotations

Branches:
Dungeon (3/15)              Sewer (1/1)

Altars:
Dithmenos
Fedhas


Innate Abilities, Weirdness & Mutations

You are too large for most types of armour.
You have claws for hands.
Your natural rate of healing is unusually fast.
You are covered in fur. (AC +1)
You have tough skin. (AC +1)


Message History

It was a potion of resistance.
You feel protected. The adder barely misses you.
The bullfrog barely misses you. The adder bites you.
* * * LOW HITPOINT WARNING * * *
The ball python closely misses you. The adder barely misses you.
The adder bites you.
* * * LOW HITPOINT WARNING * * *
The bullfrog hits you.
* * * LOW HITPOINT WARNING * * *
You claw the adder!
The adder is severely wounded.
The adder barely misses you. The ball python closely misses you.
The adder bites you but does no damage.
The bullfrog hits you but does no damage.
The adder misses you.
You miss the adder.
The adder is severely wounded.
The adder barely misses you.
The bullfrog hits you but does no damage.
The adder bites you.
* * * LOW HITPOINT WARNING * * *
The ball python bites you but does no damage.
The adder bites you but does no damage. The bullfrog hits you.
* * * LOW HITPOINT WARNING * * *
The adder closely misses you.
You scratch the adder.
The adder is almost dead.
The adder bites you but does no damage. The ball python misses you.
The adder bites you.
* * * LOW HITPOINT WARNING * * *
The bullfrog closely misses you. The adder bites you.
* * * LOW HITPOINT WARNING * * *
The adder barely misses you. The ball python closely misses you.
The ball python attacks as you move away!
The ball python bites you.
* * * LOW HITPOINT WARNING * * *
The adder bites you but does no damage. x2; The bullfrog hits you.
You die...
Fedhas appreciates your contribution to the ecosystem.

##### ####...####
####...†.SS..####
##......†@FS.....##
#.......#S†F......# #
##..†...##'##......##
#
#....†.###..##......#
# ##.~†.##
#..###.~~.## #
#~~~≈~~# #####≈≈~≈≈≈#
# #≈≈~≈≈≈# #≈≈~~≈≈# #
#≈~~~~≈# #≈~~≈~≈# #
#≈≈≈≈≈~# #≈≈~~≈≈#


You could see 2 bullfrogs, 3 adders and a ball python.

Vanquished Creatures
  4 adders
  3 river rats (Sewer)
  3 worms
  2 orcs
  5 endoplasms
  A giant cockroach (D:2)
  5 goblins
  4 hobgoblins
  4 jackals (D:2)
  5 kobolds
  4 quokkas
  9 ball pythons
  7 bats
  3 frilled lizards
  18 rats (Sewer)
77 creatures vanquished.

Vanquished Creatures (others)
  2 plants (D:2)
2 creatures vanquished.

Grand Total: 79 creatures vanquished

Notes
Turn   | Place    | Note
-------+----------+-------------------------------------------
     0 | D:1      | Hrothgar the Troll Fighter began the quest for the Orb.
     0 | D:1      | Reached XP level 1. HP: 22/22 MP: 0/0
   300 | D:1      | Reached XP level 2. HP: 29/29 MP: 1/1
   410 | D:1      | Found a faded altar of an unknown god.
   414 | D:1      | Prayed at the altar of an unknown god.
   414 | D:1      | Became a worshipper of Fedhas Madash
   414 | D:1      | Reached * piety under Fedhas
   699 | D:2      | Reached XP level 3. HP: 36/36 MP: 2/2
  1156 | D:2      | Reached ** piety under Fedhas
  1450 | D:3      | Reached XP level 4. HP: 42/44 MP: 3/3
  1565 | D:3      | Found a shadowy altar of Dithmenos.
  1882 | D:3      | Found a glowing drain.
  1895 | Sewer    | Entered a sewer
  2079 | Sewer    | Reached *** piety under Fedhas
  2103 | Sewer    | Reached XP level 5. HP: 41/53 MP: 4/4
  2181 | Sewer    | Slain by a bullfrog

Illustrated notes

Levels and vault maps discovered:
D:1:      dpeg_arrival_long_road, layout_rooms,
          hellmonk_ecumenical_altar_inner_sanctum
D:2:      layout_basic, serial_rivers, chequers_serial_rivers_micro_c,
          chequers_serial_rivers_micro_d, chequers_serial_rivers_small_a,
          chequers_serial_rivers_small_3, chequers_serial_rivers_micro_b,
          corexii_shack
D:3:      layout_loops_ring, nicolae_dithmenos_through_a_glass_darkly,
          cheibrodos_sewer_entry_bend, minmay_misc_feat_doors,
          chequers_serial_rivers_room_a, hex_medium
Sewer:    sewer_minmay_w

Skill      XL: |  1  2  3  4 |
---------------+-------------+-----
Shields        | 3 |  3.1
Fighting       | 3 |  3.0
Unarmed Combat | 3 |  3.1
Dodging        | 3 |  3.0
Armour         | |  0.9
Stealth        | |  0.4
Spellcasting   | |  0.3

Action                   |  1- 3 |  4- 6 || total
-------------------------+-------+-------++-------
Melee: Unarmed           |   125 |    90 ||   215
       Punch             |     1 |     2 ||     3
  Use: Scroll            |     5 |     4 ||     9
       Potion            |       |     3 ||     3
Armor: Robe              |    52 |    85 ||   137
Dodge: Dodged            |    76 |   132 ||   208
